 Dungeon Crawl Stone Soup version 0.26-b1-32-g5d43845318 (webtiles) character file.

Game seed: 13732617786879781397

7660 Borgoz the Basher (level 11, -9/68 HPs)
             Began as a Gargoyle Gladiator on Jan 11, 2021.
             Mangled by Rupert
             ... wielding a +1 great mace of holy wrath
              (28 damage)
             ... on level 13 of the Dungeon.
             The game lasted 00:15:12 (10245 turns).

Borgoz the Basher (Gargoyle Gladiator)             Turns: 10245, Time: 00:15:12

Health: -9/68      AC: 24    Str: 21    XL:     11   Next: 18%
Magic:  9/9        EV: 20    Int: 16    God:
Gold:   56         SH:  0    Dex: 14    Spells: 10/10 levels left

rFire    . . .     SeeInvis .   n - +2 morningstar
rCold    . . .     Faith    .   (no shield)
rNeg     + . .     Spirit   .   v - +0 chain mail "Suskiff" {Str+3 Int+7} (curse)
rPois    ∞         Reflect  .   c - +0 helmet
rElec    +         Harm     .   p - +0 cloak
rCorr    .         Rampage  .   (no gloves)
Will     .....                  i - +0 pair of boots
Stlth    ..........             (no amulet)
HPRegen  0.21/turn              A - +4 ring of evasion
MPRegen  0.11/turn              l - +4 ring of evasion

@: no status effects
A: icy blue scales 1, low mp 1, negative energy resistance 1, electricity
resistance, unbreathing, petrification resistance, miasma immunity, MP-powered
wands, AC +8
a: no special abilities


You were on level 13 of the Dungeon.
You visited 2 branches of the dungeon, and saw 12 of its levels.

You collected 620 gold pieces.
You spent 564 gold pieces at shops.

Inventory:

Hand Weapons
 n - a +2 morningstar (weapon)
Missiles
 d - a throwing net (quivered)
Armour
 c - a +0 helmet (worn)
 i - a +0 pair of boots (worn)
 j - the +2 ring mail "Pyithut" {Str+4}
   (You found it on level 4 of the Dungeon)

   It affects your strength (+4).
 p - a +0 cloak (worn)
 r - the +3 scale mail of Hueq {Will++ Regen+ Str-5 Int+3}
   (You found it on level 5 of the Dungeon)

   It affects your strength (-5).
   It affects your intelligence (+3).
   It affects your willpower, your defense against some magical effects.
   It increases your rate of regeneration.
 v - the cursed +0 chain mail "Suskiff" (worn) {Str+3 Int+7}
   (You bought it in a shop on level 5 of the Dungeon)

   It affects your strength (+3).
   It affects your intelligence (+7).
   It has a curse placed upon it.
Jewellery
 e - an uncursed ring of fire
 h - an uncursed ring of protection from cold
 l - a +4 ring of evasion (right hand)
 t - an uncursed ring of protection from cold
 A - a +4 ring of evasion (left hand)
 B - an uncursed ring of stealth
Wands
 b - a wand of flame (12)
 m - a wand of iceblast (7)
 o - a wand of digging (7)
 x - a wand of paralysis (10)
 z - a wand of enslavement (7)
Scrolls
 a - 4 scrolls of teleportation
 f - 7 scrolls of remove curse
 g - 4 scrolls of fog
 k - 10 scrolls of enchant weapon
 y - a scroll of identify
Potions
 u - a potion of brilliance
 w - 2 potions of resistance


   Skills:
 + Level 7.9 Fighting
 * Level 10.3 Maces & Flails
 - Level 1.7 Throwing
 + Level 7.3 Armour
 * Level 8.7 Dodging


You had 10 spell levels left.
You didn't know any spells.
Your spell library was empty.

Dungeon Overview and Level Annotations

Branches:
Dungeon (10/15)            Temple (1/1) D:6            Lair (0/6) D:8
    Orc: D:9-12

Altars:
Ashenzari
Cheibriados
Dithmenos
Elyvilon
Fedhas
Gozag
Hepliaklqana
Kikubaaqudgha
Makhleb
Nemelex Xobeh
Okawaru
Qazlal
Ru
Sif Muna
Trog
Uskayaw
Vehumet
Wu Jian
Xom
Yredelemnul
Zin
The Shining One

Shops:
D:5 **   D:8 ?   D:9 [

Annotations:
D:8 1 runed translucent door, exclusion: 4 orange crystal statues
D:13 Rupert


Innate Abilities, Weirdness & Mutations

You are resistant to torment.
Your stone body is resilient. (AC +8)
You are immune to poison.
You resist negative energy. (rN+)
You are resistant to electric shocks. (rElec)
You can survive without breathing.
You are immune to petrification.
You are immune to miasma.
You are partially covered in icy blue scales. (AC +2)
Your magical capacity is low. (-10% MP)
You expend magic power (3 MP) to strengthen your wands.


Message History

Rupert is caught in the net!
Rupert is moderately wounded.
Rupert struggles against the net. x2
You bludgeon Rupert!!
Rupert is heavily wounded.
Rupert struggles against the net. x2
The net rips apart, and Rupert comes free!
You closely miss Rupert.
Rupert is moderately wounded.
Rupert misses you.
You barely miss Rupert.
Rupert is moderately wounded.
Rupert hits you with a +1 great mace of holy wrath!!
* * * LOW HITPOINT WARNING * * *
Throw: 2 throwing nets
Press: ? - help, Q - select action, (/) - cycle Shift-Dir - straight line, f/p - Rupert
Aim: Rupert, wielding a +1 great mace of holy wrath and wearing a +0 scale mail (moderately wounded, berserk)
You throw a throwing net. The throwing net closely misses Rupert.
Rupert hits you with a +1 great mace of holy wrath!!
You die...

......# #...(.# #.....# #.....#
#.....# #.....# ####.....#
.......@.# ..###..@.#< ....#
#....#.. .#..# #....#.. ....#
#....#..######## .#..#
#....#..'......# ....#
#....#..'......# .#..#
#....####......#####
....##########...................
#..)...)))...(.##########.......


You could see Rupert (berserk).

Vanquished Creatures
  A two-headed ogre (D:6)
  An unseen horror (D:13)
  A centaur zombie (D:13)
  Joseph (D:9)
  Maggie (D:7)
  A komodo dragon (D:8)
  A hornet (D:13)
  Prince Ribbit (D:7)
  Sigmund (D:2)
  Eustachio (D:5)
  5 sky beasts
  2 phantoms
  2 black bears
  2 eyes of draining (D:13)
  A necrophage (D:6)
  5 ogres
  5 centaurs
  Blork the orc (D:5)
  2 big kobolds (D:9)
  4 bullfrogs
  A water moccasin zombie (D:5)
  5 scorpions
  15 wights
  2 jellies
  4 howler monkeys
  A bullfrog zombie (D:8)
  2 hounds
  2 bullfrog skeletons
  3 centaur skeletons
  5 orc priests
  Crazy Yiuf (D:6)
  4 iguanas
  5 orc wizards
  10 worker ants
  10 adders
  A howler monkey skeleton (D:6)
  A shadow imp (D:8)
  7 white imps
  2 ufetubi
  An ooze (D:3)
  2 adder zombies
  2 adder skeletons
  3 worms
  2 dart slugs (D:4)
  5 leopard geckos
  24 orcs
  3 bats
  3 giant cockroaches
  5 goblins (D:1)
  A hobgoblin (D:1)
  8 jackals (D:4)
  4 quokkas
  4 ball pythons
  5 frilled lizards
  A jackal skeleton (D:5)
  14 kobolds
  A leopard gecko skeleton (D:8)
  A leopard gecko zombie (D:5)
  2 quokka zombies
  2 rats
213 creatures vanquished.

Vanquished Creatures (others)
  A kobold (D:9)
  35 plants
36 creatures vanquished.

Grand Total: 249 creatures vanquished

Notes
Turn   | Place    | Note
-------+----------+-------------------------------------------
     0 | D:1      | Borgoz the Gargoyle Gladiator began the quest for the Orb.
     0 | D:1      | Reached XP level 1. HP: 12/12 MP: 1/1
    98 | D:1      | Reached XP level 2. HP: 10/17 MP: 2/2
   844 | D:2      | Reached XP level 3. HP: 21/22 MP: 3/3
   876 | D:2      | Reached skill level 1 in Armour
  1459 | D:2      | Reached XP level 4. HP: 20/27 MP: 4/4
  1767 | D:2      | Noticed Sigmund
  1807 | D:2      | Killed Sigmund
  1808 | D:2      | Reached skill level 4 in Maces & Flails
  1808 | D:2      | Reached XP level 5. HP: 32/32 MP: 5/5
  1808 | D:2      | Reached XP level 6. HP: 37/37 MP: 6/6
  2597 | D:3      | Found a faded altar of an unknown god.
  3432 | D:4      | Reached skill level 5 in Maces & Flails
  3447 | D:4      | Reached XP level 7. HP: 31/42 MP: 7/7
  3567 | D:4      | Got a smoking ring mail
  3578 | D:4      | Identified the +2 ring mail "Pyithut" {Str+4} (You found it
                  | on level 4 of the Dungeon)
  4269 | D:5      | Entered Level 5 of the Dungeon
  4352 | D:5      | Found Miuts's General Store.
  4640 | D:5      | Reached XP level 8. HP: 48/48 MP: 8/8
  4709 | D:5      | Got a masterwork scale mail
  4720 | D:5      | Identified the +3 scale mail of Hueq {Will++ Regen+ Str-5
                  | Int+3} (You found it on level 5 of the Dungeon)
  4791 | D:5      | Found Ifonwet's Assorted Antiques.
  4803 | D:5      | Bought a scroll of identify for 40 gold pieces
  4803 | D:5      | Bought a scroll of identify for 40 gold pieces
  4833 | D:5      | Reached skill level 6 in Maces & Flails
  4892 | D:5      | Noticed Eustachio
  4929 | D:5      | Killed Eustachio
  4930 | D:5      | Reached skill level 5 in Dodging
  5052 | D:5      | Noticed Blork the orc
  5060 | D:5      | Killed Blork the orc
  5264 | D:6      | Found a staircase to the Ecumenical Temple.
  5335 | Temple   | Entered the Ecumenical Temple
  5434 | D:6      | Reached skill level 5 in Fighting
  5500 | D:6      | Noticed a two-headed ogre
  5513 | D:6      | Killed a two-headed ogre
  5514 | D:6      | Reached skill level 7 in Maces & Flails
  5514 | D:6      | Reached XP level 9. HP: 25/54 MP: 9/9
  5736 | D:6      | Gained mutation: Armour fits poorly on your strangely
                  | shaped body. [potion of mutation]
  5736 | D:6      | Gained mutation: You are partially covered in icy blue
                  | scales. (AC +2) [potion of mutation]
  5736 | D:6      | Gained mutation: You tend to lose your temper in combat.
                  | [potion of mutation]
  5736 | D:6      | Gained mutation: Your mind is acute. (Int +2) [potion of
                  | mutation]
  5987 | D:6      | Reached skill level 5 in Armour
  6151 | D:6      | Reached skill level 8 in Maces & Flails
  6306 | D:6      | Found a runed translucent door.
  6307 | D:6      | Noticed Crazy Yiuf
  6316 | D:6      | Killed Crazy Yiuf
  6659 | D:7      | Lost mutation: You tend to lose your temper in combat.
                  | [potion of mutation]
  6659 | D:7      | Lost mutation: Your mind is acute. (Int +2) [potion of
                  | mutation]
  6659 | D:7      | Gained mutation: You are somewhat resistant to further
                  | mutation. [potion of mutation]
  6753 | D:7      | Noticed Maggie
  6773 | D:7      | Killed Maggie
  6780 | D:7      | Reached XP level 10. HP: 44/61 MP: 10/10
  6992 | D:7      | Noticed Prince Ribbit
  7331 | D:8      | Found the +10 tower shield of Ignorance {rN+ Int-4}
  7439 | D:8      | Found a runed translucent door.
  7441 | D:8      | Noticed an orange crystal statue
  7445 | D:8      | Lost mutation: Armour fits poorly on your strangely shaped
                  | body. [potion of mutation]
  7445 | D:8      | Lost mutation: You are somewhat resistant to further
                  | mutation. [potion of mutation]
  7445 | D:8      | Gained mutation: Your magical capacity is low. (-10% MP)
                  | [potion of mutation]
  7445 | D:8      | Gained mutation: You expend magic power (3 MP) to
                  | strengthen your wands. [potion of mutation]
  7683 | D:8      | Found a staircase to the Lair.
  7707 | D:8      | Reached skill level 9 in Maces & Flails
  7828 | D:8      | Found a runed translucent door.
  8024 | D:8      | Found Vuavvyt's Magic Scroll Shoppe.
  8030 | D:8      | Bought a scroll of teleportation for 36 gold pieces
  8108 | D:5      | Bought the cursed +0 chain mail "Suskiff" {Str+3 Int+7} for
                  | 383 gold pieces
  8108 | D:5      | Bought a throwing net for 39 gold pieces
  8108 | D:5      | Bought a scroll of identify for 26 gold pieces
  8238 | D:7      | Killed Prince Ribbit
  8768 | D:8      | Noticed an orange crystal statue
  8768 | D:8      | Noticed an orange crystal statue
  8768 | D:8      | Noticed an orange crystal statue
  9306 | D:9      | Found Bypapamu's Armour Boutique.
  9425 | D:9      | Noticed Joseph
  9447 | D:9      | Killed Joseph
  9740 | D:9      | Found a shimmering blue altar of Sif Muna.
  9845 | D:10     | Entered Level 10 of the Dungeon
  9997 | D:10     | You fall into a shaft and drop 3 floors!
  9997 | D:13     | Noticed a two-headed ogre
 10008 | D:13     | Reached skill level 10 in Maces & Flails
 10008 | D:13     | Reached XP level 11. HP: 60/67 MP: 9/9
 10179 | D:13     | Killed an unseen horror
 10225 | D:13     | Noticed Rupert
 10245 | D:13     | Mangled by Rupert

Illustrated notes

Levels and vault maps discovered:
D:1:      moated_graveyard_arrival, layout_basic
D:2:      layout_basic, patterned_corridor, uniq_sigmund
D:3:      layout_basic, chequers_ecumenical_altar_lobes, st_stairs_11
D:4:      layout_basic, minivault_5
D:5:      layout_basic, serial_shops, shop_coins,
          nicolae_shop_temple_entry_statues_fountains, due_unseen_surprise,
          uniq_blork_the_orc, uniq_eustachio
D:6:      layout_loops_ring, minmay_temple_entry_sparse_star, minmay_microvault,
          uniq_crazy_yiuf_cottage
D:7:      layout_basic, uniq_prince_ribbit1, uniq_maggie
D:8:      layout_loops_corners, david_lair_shrubbed, serial_shops, shop,
          chequers_guarded_unrand_ignorance
D:9:      layout_irregular_city, lemuel_blue_sif_altar, serial_shops, shop,
          uniq_joseph
D:10:     layout_loops_ring, serial_aquarium, aquarium_bridge_straight
          [aquarium_subvault_bridge, aquarium_subvault_wall,
          aquarium_subvault_bridge, aquarium_subvault_wall],
          aquarium_window_corridor_2, aquarium_window_fake,
          aquarium_window_corner, aquarium_view_2f, aquarium_balcony_3a,
          aquarium_pool_S
D:13:     minmay_tri_stars, layout_irregular_city, enter_bailey_3,
          gammafunk_ghost_cemetery, uniq_rupert
Temple:   grunt_wide_crystal_templ

Skill      XL: |  1  2  3  4  5  6  7  8  9 10 |
---------------+-------------------------------+-----
Armour         | 1 2 3 4 5 7 |  7.3
Dodging        | 3 4 6 7 8 |  8.7
Fighting       | 3 4 5 6 7 |  7.9
Maces & Flails | 4 5 7 8 10 | 10.3
Throwing       | |  1.7

Action                   |  1- 3 |  4- 6 |  7- 9 | 10-12 || total
-------------------------+-------+-------+-------+-------++-------
Melee: Flail             |   105 |   134 |   280 |       ||   519
       Morningstar       |       |       |    94 |   406 ||   500
Throw: Throwing net      |       |       |     2 |     2 ||     4
Evoke: Wand              |       |       |     1 |       ||     1
  Use: Potion            |       |     5 |     7 |     5 ||    17
       Scroll            |       |     5 |     6 |     4 ||    15
Armor: Leather armour    |    60 |    39 |       |       ||    99
       Ring mail         |       |       |   138 |    36 ||   174
       Chain mail        |       |       |       |   183 ||   183
Dodge: Dodged            |    68 |   103 |   419 |   390 ||   980
